 Dungeon Crawl Stone Soup version 0.31-a0-1529-g7bd419a0e5 (webtiles) character file.

Game seed: 1403687373939283196

3849 experimilk the Grappler (level 8, -1/71 (74) HPs)
             Began as a Troll Gladiator on Dec 31, 2023.
             Was a Priest of Ru.
             Slain by a killer bee (8 damage)
             ... on level 8 of the Dungeon.
             The game lasted 00:16:27 (7205 turns).

experimilk the Grappler (Troll Gladiator)           Turns: 7205, Time: 00:16:29

HP:   -1/71 (74)    AC: -4    Str: 25    XL:     8   Next: 98%
MP:   7/7           EV: 10    Int:  4    God:    Ru [***...]
Gold: 321           SH:  0    Dex: 17    Spells: 7/7 levels left

rFire   . .          .
                       - Unarmed
rCold   . . .        (no shield)
rNeg    . . .        x - +0 robe
rPois   .            b - +0 hat
rElec   .            (no cloak)
rCorr   .            (gloves unavailable)
SInv    .            (boots unavailable)
Will    +....        i - amulet of regeneration
Stlth   ++           y - +6 ring of dexterity
HPRegen 1.91/turn    z - ring of willpower
MPRegen 0.10/turn

%: no passive effects
@: lethally poisoned (-1 -> -2), exhausted, corroded, lightly drained
A: large, unfitting armour, claws 3, regeneration 1, shaggy fur 1, tough skin 1,
hated by all, inexperienced 1
a: Renounce Religion, Draw Out Power


You were on level 8 of the Dungeon.
You worshipped Ru.
Ru was most pleased with you.
You visited 2 branches of the dungeon, and saw 9 of its levels.
You also visited: Sewer.

You collected 321 gold pieces.

Inventory:

Missiles
 a - 10 poisoned darts (quivered)
 c - a large rock
 q - 2 throwing nets
 w - 4 darts of dispersal
Armour
 b - a +0 hat (worn)
 x - a +0 robe (worn)
Jewellery
 i - an amulet of regeneration (around neck)
 y - a +6 ring of dexterity (left claw)
 z - a ring of willpower (right claw)
Wands
 v - a wand of flame (34)
 F - a wand of paralysis (8)
Scrolls
 f - 2 scrolls of vulnerability
 h - 2 scrolls of enchant weapon
 k - a scroll of silence
 p - 4 scrolls of teleportation
 s - 2 scrolls of fog {unknown}
 t - a scroll of enchant armour {unknown}
 u - a scroll of poison
 E - a scroll of fear {unknown}
Potions
 d - 2 potions of berserk rage
 e - 3 potions of might
 g - a potion of lignification
 j - 2 potions of enlightenment {unknown}
 l - 3 potions of attraction {unknown}
 m - a potion of heal wounds {unknown}
 n - 4 potions of curing {unknown}
 o - 2 potions of invisibility {unknown}
 r - 4 potions of brilliance
 A - a potion of haste {unknown}
 B - a potion of resistance {unknown}
 C - 5 potions of magic


   Skills:
 * Level 2.3 Fighting
 - Level 10.0 Throwing
 - Level 2.4 Dodging
 - Level 10.0 Unarmed Combat


You had 7 spell levels left.
You didn't know any spells.
Your spell library contained the following spells:

 Spells                   Type           Power      Damage    Failure   Level
 Necrotise                Necr           0%         1d4       50%         1
 Sandblast                Erth           0%         2d4       50%         1
 Lesser Beckoning         Tloc           0%         N/A       65%         2
 Gell's Gravitas          Tloc           0%         N/A       86%         3
 Passwall                 Erth           0%         N/A       86%         3
 Stone Arrow              Conj/Erth      0%         3d7       86%         3
 Teleport Other           Tloc           0%         N/A       86%         3
 Vampiric Draining        Necr           0%         2d6       86%         3
 Brom's Barrelling Bould  Conj/Erth      0%         2d3       99%         4
 Curse of Agony           Necr           0%         N/A       100%        5
 Martyr's Knell           Necr/Summ      Unusable   N/A       N/A         4

Dungeon Overview and Level Annotations

Branches:
Dungeon (8/15)             Temple (1/1) D:4           Sewer (visited)
   Lair: D:8-11

Altars:
Ashenzari
Cheibriados
Dithmenos
Elyvilon
Gozag
Kikubaaqudgha
Makhleb
Nemelex Xobeh
Okawaru
Qazlal
Ru
Sif Muna
Trog
Uskayaw
Vehumet
Wu Jian
Xom
Zin
The Shining One

Shops:
D:1 *   D:5 (


Innate Abilities, Weirdness & Mutations

You are too large for most types of armour.
You have claws for hands.
Your natural rate of healing is unusually fast.
You are covered in fur. (AC +1)
You have tough skin. (AC +1)
You are hated by all.
You are somewhat inexperienced. (-1 XL)


Message History

The jelly hits you. The acid corrodes you!
You are splashed with acid!
The killer bee buzzes angrily.
You scratch the jelly.
Your claws burn!
The jelly is moderately wounded.
You hear an angry buzzing noise.
A killer bee comes into view. x2
The jelly hits you.
You are splashed with acid!
The killer bee barely misses you. The jelly hits you.
You are splashed with acid!
The killer bee stings you. The jelly closely misses you.
The killer bee stings you!
The water moccasin hisses angrily.
The killer bee barely misses you.
You barely miss the water moccasin. The killer bee stings you.
You are poisoned.
The killer bee poisons you! The water moccasin bites you.
The killer bee barely misses you. The killer bee stings you.
The jelly hits you.
You are splashed with acid.
* * * LOW HITPOINT WARNING * * *
Blink to where?
Press: ? - help, Q - select action, (/) - cycle Dir - move target
Found a stone staircase leading up.
As you read the scroll of blinking, it crumbles to dust.
You feel very sick. The water moccasin bites you!
* * * LOW HITPOINT WARNING * * *
You focus your inner power and illuminate the water moccasin in retribution!
You are restored by drawing out deep reserves of power within.
You feel drained.
You feel sick. The killer bee stings you. The water moccasin bites you!
* * * LOW HITPOINT WARNING * * *
The killer bee barely misses you.
Unknown command.
You feel sick. The killer bee closely misses you.
The killer bee barely misses you. The water moccasin barely misses you.
The killer bee stings you!
* * * LOW HITPOINT WARNING * * *
You are more poisoned.
The killer bee poisons you! The killer bee stings you!
You die...

##..#.........
##..#...................
##............<.........
##..#..................)......
#..#.........................
##..#.........................
....#.........................
##...............y............
...##...........@y............
##..............Sy............
#.##...........)J....(.......
#.##.........†..y............
#.##........................#
..##........................#
..##.##.##...######....##...#
....#.##.##..##### #....# ....
..........(............... ..#


You could see a water moccasin (corona), a jelly and 4 killer bees.

Vanquished Creatures
  The ghost of waterboarding the Trooper, an amateur OnHs of Kikubaaqudgha (D:7)
  A hornet (D:8)
  2 water moccasins (D:5)
  3 black bears
  2 sky beasts
  5 ice beasts
  An ogre (D:5)
  A wolf (D:5)
  A centaur (D:7)
  A kobold brigand (D:8)
  2 brain worms (Sewer)
  5 bullfrogs
  2 gnoll sergeants (D:5)
  4 scorpions
  2 howler monkeys (D:8)
  3 bombardier beetles
  2 hounds
  3 jellies
  3 orc priests (D:7)
  A gnoll bouda (D:5)
  Jessica (D:2)
  2 iguanas (D:6)
  11 orc wizards
  8 gnolls
  14 adders
  3 river rats (Sewer)
  A shadow imp (D:6)
  3 white imps
  2 ufetubi (D:5)
  2 dart slugs
  A ribbon worm (D:3)
  22 orcs
  10 ball pythons
  4 endoplasms
  2 giant cockroaches
  9 goblins
  A hobgoblin (D:2)
  A jackal (D:5)
  5 kobolds
  8 quokkas
  3 bats
  6 frilled lizards
  12 rats
176 creatures vanquished.

Notes
Turn   | Place    | Note
-------+----------+-------------------------------------------
     0 | D:1      | experimilk the Troll Gladiator began the quest for the Orb.
     0 | D:1      | Reached XP level 1. HP: 19/19 MP: 0/0
   188 | D:1      | Reached XP level 2. HP: 27/27 MP: 1/1
   244 | D:1      | Found Moxt's General Store.
   817 | D:2      | Reached XP level 3. HP: 31/33 MP: 2/2
   853 | D:2      | Found a hide-covered altar of Uskayaw.
   976 | D:2      | Noticed Jessica
   981 | D:2      | Killed Jessica
  1429 | D:3      | Reached skill level 5 in Unarmed Combat
  1429 | D:3      | Reached XP level 4. HP: 41/41 MP: 3/3
  1563 | D:3      | Found a hide-covered altar of Uskayaw.
  1721 | D:3      | Reached XP level 5. HP: 41/48 MP: 4/4
  2173 | D:4      | Found a bloodstained altar of Trog.
  2512 | D:4      | Noticed an ice beast
  2529 | D:4      | Killed an ice beast
  2530 | D:4      | Reached XP level 6. HP: 43/55 MP: 5/5
  2707 | D:4      | Found a staircase to the Ecumenical Temple.
  2724 | Temple   | Entered the Ecumenical Temple
  2729 | Temple   | Became a worshipper of Ru the Awakened
  3575 | D:5      | Entered Level 5 of the Dungeon
  3584 | D:5      | Found Lium's Weapon Shoppe.
  3652 | D:5      | Identified the staff "Ekazufosch" {rPois rCorr Int+2
                  | Alchemy}
  3667 | D:5      | Reached XP level 7. HP: 43/62 MP: 6/6
  3885 | D:5      | Reached XP level 8. HP: 64/70 MP: 7/7
  3944 | D:5      | Reached skill level 10 in Unarmed Combat
  4255 | D:5      | Gained mutation: You are somewhat inexperienced. (-1 XL)
                  | [Ru sacrifice]
  4255 | D:5      | Reached XP level 7. HP: 62/62 MP: 6/6
  4255 | D:5      | Reached * piety under Ru
  4670 | D:6      | Found a snail-covered altar of Cheibriados.
  4678 | D:6      | Reached skill level 5 in Throwing
  4688 | D:6      | Found a glowing drain.
  4711 | Sewer    | Entered a sewer
  5432 | D:6      | Reached XP level 8. HP: 70/70 MP: 7/7
  5874 | D:6      | Found a glowing golden altar of the Shining One.
  6122 | D:7      | Found a runed translucent door.
  6152 | D:7      | Noticed waterboarding's ghost (amateur OnHs)
  6429 | D:7      | Gained mutation: You are hated by all. [Ru sacrifice]
  6429 | D:7      | Reached ** piety under Ru
  6429 | D:7      | Reached *** piety under Ru
  6599 | D:7      | Found a shimmering blue altar of Sif Muna.
  6765 | D:7      | Found an ornate altar of the Wu Jian Council.
  6777 | D:7      | Found an ancient bone altar of Kikubaaqudgha.
  7040 | D:7      | Killed waterboarding's ghost
  7178 | D:8      | Reached skill level 10 in Throwing
  7205 | D:8      | Slain by a killer bee

Illustrated notes

Levels and vault maps discovered:
D:1:      minmay_arrival_jagged, layout_loops_cross, serial_shops, shop,
          moated_statue
D:2:      layout_basic, basic_altar, uniq_jessica
D:3:      layout_basic, nicolae_overflow_hidden_temple
D:4:      layout_loops_corners, mainiacjoe_overflow_boulevard, temple_fountains,
          kennysheep_pointless_box, bh_walls_and_bars
D:5:      layout_cave_pools, serial_gnoll_camp, gnoll_camp_mini_hut,
          gnoll_camp_mini_house, gnoll_camp_mini_shop, gnoll_camp_mini_basic
D:6:      kennysheep_six_static_rooms, layout_basic,
          nicolae_tso_swordbearing_angel, kennysheep_slug_shrine,
          portal_sewer_entry_f, chequers_serial_rivers_room_b
D:7:      layout_gridville, mainiacjoe_overflow_alcove_2, jmf_multi_god_temple2,
          ebering_ghost_reflecting_pool, grunt_ministairs_11, minivault_27,
          minivault_25
D:8:      layout_basic, lightli_ossuary_entry_decrepit_ruins
Temple:   minmay_freezing_vapour_temple

Skill      XL: |  1  2  3  4  5  6  7  8 |
---------------+-------------------------+-----
Unarmed Combat | 4 5 7 8 9 10 | 10.0
Throwing       | 6 10 | 10.0
Fighting       | 2 |  2.3
Dodging        | |  2.4

Action                     |  1- 3 |  4- 6 |  7- 9 || total
---------------------------+-------+-------+-------++-------
  Melee: Unarmed           |    51 |   131 |   248 ||   430
         Punch             |       |     1 |     9 ||    10
  Throw: Large rock        |     1 |     1 |       ||     2
         Throwing net      |       |     3 |       ||     3
         Dart              |       |     8 |    69 ||    77
 Invoke: Sacrifice Experie |       |       |     1 ||     1
         Draw Out Power    |       |       |     1 ||     1
         Sacrifice Love    |       |       |     1 ||     1
  Evoke: Wand              |       |     4 |     6 ||    10
    Use: Scroll            |     3 |     1 |     8 ||    12
   Stab: Sleeping          |     1 |     2 |     1 ||     4
         Distracted        |       |       |     2 ||     2
 Armour: Robe              |    26 |    76 |   140 ||   242
  Dodge: Dodged            |    27 |    38 |    92 ||   157

Table legend: (Time is in decaauts)
 A = Elapsed time spent in this place.
 B = Non-inter-level travel time spent in this place.
 C = Inter-level travel time spent in this place.
 D = Time resting spent in this place.
 E = Time spent auto-exploring this place.
 F = Levels seen in this place.
 G = Mean time per level.
                   A        B        C        D        E       F      G
               +--------+--------+--------+--------+--------+-----+--------+
         Total |   7124 |   6828 |    296 |    868 |   4382 |  10 |  712.4 |
       Dungeon |   6648 |   6356 |    292 |    763 |   4189 |   8 |  831.0 |
        Temple |     10 |      6 |      4 |      0 |      0 |   1 |   10.0 |
         Sewer |    465 |    465 |      0 |    105 |    193 |   1 |  465.0 |
               +--------+--------+--------+--------+--------+-----+--------+

Top non-repeatable levels by time:
     D:4: 1329 daAuts
     D:7: 1108 daAuts
     D:5: 963 daAuts
     D:6: 899 daAuts
     D:3: 815 daAuts
     D:2: 713 daAuts
     D:1: 690 daAuts
   Sewer: 465 daAuts
     D:8: 128 daAuts
  Temple: 10 daAuts
